 Dungeon Crawl Stone Soup version 0.31-a0-180-g519b7de00c (webtiles) character file.

Game seed: 14916624365235196634

807 qw the Chopper (level 7, -3/44 HPs)
             Began as a Gargoyle Fighter on June 19, 2023.
             Slain by a yak (9 damage)
             ... on level 4 of the Dungeon.
             The game lasted 00:02:19 (4155 turns).

qw the Chopper (Gargoyle Fighter)                   Turns: 4155, Time: 00:02:19

Health: -3/44      AC: 13    Str: 19    XL:     7   Next: 92%
Magic:  7/7        EV:  8    Int:  9    God:
Gold:   213        SH:  5    Dex: 15    Spells: 6/6 levels left

rFire   . . .        Y - +1 war axe
rCold   + . .        c - +0 buckler
rNeg    + . .        a - +0 chain mail
rPois   inf          (helmet restricted)
rElec   +            (no cloak)
rCorr   .            (no gloves)
SInv    .            (no boots)
Will    .....        (no amulet) Stlth
                     h - ring of protection from cold
HPRegen 0.27/turn    k - +6 ring of dexterity
MPRegen 0.10/turn

%: no passive effects
@: about to teleport
A: sickness immunity, AC +4, negative energy resistance 1, electricity
resistance, torment resistance 1, petrification resistance, antennae 1, weak 1
a: no special abilities


You were on level 4 of the Dungeon.
You visited 1 branch of the dungeon, and saw 5 of its levels.

You collected 213 gold pieces.


Innate Abilities, Weirdness & Mutations

You are immune to sickness and miasma.
Your stone body is resilient. (AC +4)
You are immune to poison.
You resist negative energy. (rN+)
You are resistant to electric shocks. (rElec)
You are resistant to unholy torment.
You are immune to petrification.
You have a pair of small antennae on your head.
You are weak. (Str -2)


   Skills:
 - Level 5.0 Fighting
 + Level 7.0 Axes
 - Level 3.2 Armour
 - Level 1.8 Dodging
 - Level 3.2 Shields


You had 6 spell levels left.
You didn't know any spells.
Your spell library was empty.

Inventory:

Hand Weapons
 m - a +0 flail
 Y - a +1 war axe (weapon)
Armour
 a - a +0 chain mail (worn)
 c - a +0 buckler (worn)
Jewellery
 h - a ring of protection from cold (left hand)
 k - a +6 ring of dexterity (right hand)
Scrolls
 e - a scroll of identify
 q - a scroll of teleportation
Potions
 d - 2 potions of might
 g - a potion of cancellation {unknown}
 i - 2 potions of curing
 j - a potion of lignification {unknown}
 l - a potion of degeneration {unknown}
 n - a potion of heal wounds {unknown}
 p - a potion of mutation

Dungeon Overview and Level Annotations

Branches:
Dungeon (5/15)             Temple (0/1) D:5

Altars:
Makhleb
Ru
Wu Jian
Yredelemnul


Message History

You climb upwards.
There is a stone staircase leading down here.
You hit the yak.
The yak is heavily wounded.
You hit the yak.
The yak gores you but does no damage. x2
You hit the yak.
The yak is severely wounded.
You slash the yak! The yak gores you! The yak gores you but does no damage.
You barely miss the yak.
The yak is severely wounded.
You completely miss the yak. You block the yak's attack.
The yak closely misses you. The yak gores you but does no damage.
The yak barely misses you.
You hit the yak but do no damage.
The yak is severely wounded.
You closely miss the yak. The yak gores you but does no damage.
The yak gores you.
You hit the yak.
The yak is severely wounded.
You hit the yak. The yak gores you. The yak gores you!
You slash the yak!
The yak is almost dead.
You hit the yak. The yak gores you but does no damage. The yak gores you.
You closely miss the yak.
The yak is almost dead.
You hit the yak but do no damage. The yak gores you but does no damage.
The yak gores you.
4154 ||| READING 2 scrolls of teleportation.
As you read the scroll of teleportation, it crumbles to dust.
You feel strangely unstable. The yak gores you.
The yak gores you but does no damage.
You barely miss the yak.
The yak is almost dead.
You hit the yak but do no damage. The yak gores you!
You die...

#.# ########## #.# #........#
#.# #........# #.#
########........#####
#.########
#.....##..7..7[.....?
.........#
#.....##....7.....###
#........####..........77...#.#
#
...........##..?...#........#.#
#
...............Y@.............#
#
#........#[#####Y#####.########
# ##########.# ##.###...# # #.#
#......### # #.# #......# # #.#
#......# # #.# #......# ###
####.# #......# #..
#....####......# #.#


You could see 2 yaks.

Vanquished Creatures
  Grinder (D:4)
  A black bear (D:4)
  A bullfrog (D:3)
  A gnoll bouda (D:4)
  2 orc priests
  Ijyb (D:4)
  An iguana (D:5)
  4 orc wizards
  4 gnolls
  7 adders
  A worm (D:2)
  2 dart slugs
  14 orcs
  8 ball pythons
  9 endoplasms
  2 giant cockroaches (D:1)
  11 goblins
  9 hobgoblins
  4 quokkas
  4 bats
  2 frilled lizards
  12 kobolds
  4 rats
105 creatures vanquished.

Notes
Turn   | Place    | Note
-------+----------+-------------------------------------------
     0 | D:1      | qw the Gargoyle Fighter began the quest for the Orb.
     0 | D:1      | Reached XP level 1. HP: 14/14 MP: 1/1
     0 | D:1      | 0 ||| qw: Version: 0.3-a-7-ge0c9b40
     0 | D:1      | 0 ||| qw: Game counter: 927
     0 | D:1      | 0 ||| qw: Always use a shield: true
     0 | D:1      | 0 ||| qw: God list: Okawaru
     0 | D:1      | 0 ||| qw: Allow faded altars: false
     0 | D:1      | 0 ||| qw: Do Orc after D:15 true
     0 | D:1      | 0 ||| qw: Do second Lair branch before Depths: true
     0 | D:1      | 0 ||| qw: Lair rune preference: random
     0 | D:1      | 0 ||| qw: Plans: Normal, Zot:1-4, Slime:5, God:TSO, Crypt,
                  | Tomb, Abyss, Pan, Hells, Win
     0 | D:1      | 0 ||| PLANNING D:1-11
    65 | D:1      | Reached skill level 2 in Axes
   124 | D:1      | 124 ||| Stepping ~*~*~tactically~*~*~ (stealth).
   137 | D:1      | Reached XP level 2. HP: 12/19 MP: 2/2
   144 | D:1      | 144 ||| Stepping ~*~*~tactically~*~*~ (stealth).
   156 | D:1      | 156 ||| Stepping ~*~*~tactically~*~*~ (stealth).
   162 | D:1      | 162 ||| Stepping ~*~*~tactically~*~*~ (stealth).
   207 | D:1      | Found a faded altar of an unknown god.
   443 | D:1      | Reached skill level 3 in Axes
   449 | D:1      | 449 ||| Stepping ~*~*~tactically~*~*~ (hiding).
   450 | D:1      | 450 ||| Stepping ~*~*~tactically~*~*~ (hiding).
   451 | D:1      | 451 ||| Stepping ~*~*~tactically~*~*~ (hiding).
   452 | D:1      | 452 ||| Stepping ~*~*~tactically~*~*~ (hiding).
   454 | D:1      | 454 ||| Stepping ~*~*~tactically~*~*~ (hiding).
   461 | D:1      | 461 ||| Stepping ~*~*~tactically~*~*~ (hiding).
   468 | D:1      | Reached XP level 3. HP: 23/23 MP: 3/3
   474 | D:1      | 474 ||| DROPPING +0 club.
   490 | D:1      | 490 ||| Stepping ~*~*~tactically~*~*~ (stealth).
   494 | D:1      | 494 ||| Stepping ~*~*~tactically~*~*~ (stealth).
   495 | D:1      | 495 ||| Stepping ~*~*~tactically~*~*~ (stealth).
   703 | D:1      | 703 ||| Stepping ~*~*~tactically~*~*~ (stealth).
   705 | D:1      | 705 ||| Stepping ~*~*~tactically~*~*~ (stealth).
   749 | D:1      | 749 ||| UPGRADING to ring of protection from cold.
   750 | D:1      | 750 ||| READING scroll labelled TUALIE QAIST.
   849 | D:2      | Reached XP level 4. HP: 28/28 MP: 4/4
   853 | D:2      | 853 ||| DROPPING +0 whip.
   897 | D:2      | Reached skill level 4 in Axes
  1031 | D:2      | 1031 ||| Stepping ~*~*~tactically~*~*~ (hiding).
  1454 | D:2      | 1454 ||| READING scroll labelled QENGIF HUO.
  1458 | D:2      | 1458 ||| READING scroll labelled BAERUES CYDITU.
  1459 | D:2      | 1459 ||| READING scroll labelled UREUSU VAU.
  1523 | D:3      | Found a sacrificial altar of Ru.
  1747 | D:3      | Reached XP level 5. HP: 23/32 MP: 5/5
  1985 | D:3      | Found an ornate altar of the Wu Jian Council.
  2064 | D:3      | 2064 ||| Stepping ~*~*~tactically~*~*~ (stealth).
  2066 | D:3      | 2066 ||| Stepping ~*~*~tactically~*~*~ (hiding).
  2075 | D:3      | Reached skill level 5 in Axes
  2104 | D:3      | 2104 ||| Stepping ~*~*~tactically~*~*~ (stealth).
  2190 | D:3      | 2190 ||| Stepping ~*~*~tactically~*~*~ (hiding).
  2321 | D:3      | Reached XP level 6. HP: 35/39 MP: 6/6
  2429 | D:3      | Found a burning altar of Makhleb.
  2522 | D:3      | 2522 ||| READING 2 scrolls labelled ZOOX VUETHEURO.
  2523 | D:3      | 2523 ||| READING scroll labelled RIDIOSHOGE.
  2524 | D:3      | 2524 ||| READING scroll labelled QUAGGU USIVIH.
  2715 | D:4      | Reached skill level 1 in Dodging
  2779 | D:4      | 2779 ||| DROPPING +0 mace.
  2788 | D:4      | 2788 ||| Stepping ~*~*~tactically~*~*~ (hiding).
  3049 | D:4      | Noticed a black bear
  3059 | D:4      | Killed a black bear
  3060 | D:4      | Reached skill level 6 in Axes
  3060 | D:4      | Reached XP level 7. HP: 41/44 MP: 7/7
  3130 | D:4      | Noticed Grinder
  3131 | D:4      | 3131 ||| Stepping ~*~*~tactically~*~*~ (hiding).
  3134 | D:4      | Noticed Ijyb
  3154 | D:4      | Killed Grinder
  3173 | D:4      | Killed Ijyb
  3244 | D:4      | Reached skill level 7 in Axes
  3569 | D:4      | Found a basalt altar of Yredelemnul.
  3594 | D:4      | 3594 ||| Stepping ~*~*~tactically~*~*~ (hiding).
  3898 | D:4      | 3898 ||| UPGRADING to +6 ring of dexterity.
  3899 | D:4      | 3899 ||| READING scroll labelled EXKIYSESTIY.
  3900 | D:4      | 3900 ||| READING scroll labelled OTYFRO VAMALI.
  3901 | D:4      | 3901 ||| DRINKING 2 glowing cyan potions.
  3902 | D:4      | 3902 ||| DRINKING 3 silvery potions.
  3903 | D:4      | 3903 ||| DRINKING 2 viscous pink potions.
  3903 | D:4      | Gained mutation: You are weak. (Str -2) [potion of
                  | mutation]
  3903 | D:4      | Gained mutation: You have a pair of small antennae on your
                  | head. [potion of mutation]
  3904 | D:4      | 3904 ||| DROPPING potion of brilliance.
  3965 | D:5      | Entered Level 5 of the Dungeon
  3967 | D:5      | 3967 ||| Stepping ~*~*~tactically~*~*~ (hiding).
  4003 | D:5      | 4003 ||| Stepping ~*~*~tactically~*~*~ (stealth).
  4079 | D:5      | 4079 ||| UPGRADING to +0 chain mail.
  4089 | D:5      | 4089 ||| DROPPING +0 scale mail.
  4090 | D:5      | 4090 ||| READING scroll labelled RIADWA FYSYIM.
  4091 | D:5      | 4091 ||| PLANNING TEMPLE
  4139 | D:5      | Noticed a yak
  4139 | D:5      | Noticed a yak
  4139 | D:5      | Noticed a yak
  4139 | D:5      | Noticed a yak
  4139 | D:5      | Noticed a yak
  4145 | D:5      | 4145 ||| STAIRDANCE
  4153 | D:4      | HP: 10/44 [yak (3)]
  4154 | D:4      | 4154 ||| READING 2 scrolls of teleportation.
  4155 | D:4      | Slain by a yak

Levels and vault maps discovered:
D:1:      spicycebolla_arrival_clurvy, layout_loops_ring,
          nicolae_ecumenical_snake_handling
D:2:      layout_loops_ring
D:3:      layout_loops_ring, amcnicky_altar_gilded, lemuel_tele_altar,
          lightli_temple_of_fire, chequers_serial_rivers_micro_e, minivault_25,
          minmay_gold_behind_fungi
D:4:      layout_basic, mainiacjoe_overflow_alcove_2, chequers_garden,
          uniq_grinder, uniq_ijyb
D:5:      minmay_clustersquares, layout_basic,
          beargit_hepliaklqana_dungeon_heroes, minmay_temple_entry_junction_2,
          minmay_strange_pillars, uniq_pikel, uniq_sigmund

Skill      XL: |  1  2  3  4  5  6  7 |
---------------+----------------------+-----
Axes           | 2 3 4 5 6 7 |  7.0
Fighting       | 4 5 |  5.0
Dodging        | 1 |  1.8
Armour         | |  3.2
Shields        | |  3.2

Action                     |  1- 3 |  4- 6 |  7- 9 || total
---------------------------+-------+-------+-------++-------
  Melee: War axe           |   114 |   190 |    46 ||   350
         Unarmed           |       |       |    28 ||    28
    Use: Scroll            |     1 |     6 |     4 ||    11
         Potion            |       |       |     3 ||     3
 Armour: Scale mail        |    63 |    85 |    15 ||   163
         Chain mail        |       |       |    10 ||    10
         Skin              |       |       |     5 ||     5
  Dodge: Dodged            |    67 |    83 |    31 ||   181
  Block: Buckler           |    26 |    41 |     7 ||    74

Table legend:
 A = Non-vault XP
 B = Vault XP
 C = Vault XP percentage of total XP
 D = Non-vault monster count
 E = Vault monster count
 F = Vault count percentage of total count
                 A         B        C        D         E       F
            +---------+---------+-------+---------+---------+-------
      Total |     834 |     319 |  27.7 |     101 |       4 |   3.8
            +---------+---------+-------+---------+---------+-------
        D:1 |      56 |       4 |   6.7 |      27 |       2 |   6.9
        D:2 |      72 |       0 |   0.0 |      19 |       0 |   0.0
        D:3 |     241 |       0 |   0.0 |      23 |       0 |   0.0
        D:4 |     340 |     315 |  48.1 |      26 |       2 |   7.1
        D:5 |     125 |       0 |   0.0 |       6 |       0 |   0.0
            +---------+---------+-------+---------+---------+-------
